 Dungeon Crawl Stone Soup version 0.31-a0-875-g02e7d12df6 (webtiles) character file.

Game seed: 48656431439297136

3203 Aneyh the Fighter (level 9, -5/66 HPs)
             Began as a Tengu Monk on Oct 12, 2023.
             Killed from afar by an acid dragon (22 damage)
             ... with a splash of acid
             ... on level 7 of the Dungeon.
             The game lasted 00:14:01 (5096 turns).

Aneyh the Fighter (Tengu Monk)                      Turns: 5096, Time: 00:14:02

Health: -5/66      AC:  9    Str: 15    XL:     9   Next: 96%
Magic:  10/10      EV: 19    Int: 11    God:
Gold:   438        SH:  0    Dex: 23    Spells: 8/8 levels left

rFire   . . .        m - +2 halberd (protect)
rCold   . . .        (shield currently unavailable)
rNeg    . . .        z - +1 steam dragon scales
rPois   .            (helmet restricted)
rElec   .            (no cloak)
rCorr   .            (no gloves)
SInv    .            (boots unavailable)
Will    .....        q - amulet of regeneration
Stlth   ++           w - +4 ring of protection
HPRegen 1.11/turn    p - +6 ring of dexterity
MPRegen 0.12/turn

%: acrobat
@: corroded, under a protective aura, flying
A: beak, talons 3, evasive flight, acrobatic
a: no special abilities


You were on level 7 of the Dungeon.
You visited 1 branch of the dungeon, and saw 7 of its levels.
You also visited: Sewer.

You collected 438 gold pieces.

Inventory:

Hand Weapons
 a - a +2 trident of flaming
 b - a +1 dagger of draining
 c - a +2 dagger of flaming
 h - a +1 long sword of flaming
 i - a +3 spear
 m - a +2 halberd of protection (weapon)
 r - a +2 dagger of speed
 x - a +0 dagger of venom
 I - a +3 battleaxe of freezing
 J - a +0 halberd
 K - a +4 trident
Missiles
 C - 5 javelins (quivered)
Armour
 z - +1 steam dragon scales (worn)
Jewellery
 l - an amulet of reflection
 p - a +6 ring of dexterity (right hand)
 q - an amulet of regeneration (around neck)
 w - a +4 ring of protection (left hand)
 F - a +6 ring of dexterity
 H - the ring "Qiel" {*Corrode Fly rC- Will+++ Dex+6}
   (You found it on level 5 of the Dungeon)

   [ring of dexterity]

   Dex+6:     It affects your dexterity (+6).
   rC-:       It makes you vulnerable to cold.
   Will+++:   It greatly increases your willpower.
   Fly:       It grants you flight.
   *Corrode:  It may corrode you when you take damage.
 M - a ring of poison resistance
Wands
 g - a wand of mindburst (19)
 t - a wand of iceblast (5)
 u - a wand of paralysis (12)
 y - a wand of flame (26)
Scrolls
 j - a scroll of fog {unknown}
 k - 3 scrolls of teleportation
 v - a scroll of amnesia
 B - a scroll of enchant armour
 E - 2 scrolls of vulnerability
 G - a scroll of poison
Potions
 d - 3 potions of lignification
 f - a potion of enlightenment
 n - a potion of mutation {unknown}
 o - a potion of haste
 s - a potion of curing
 A - a potion of berserk rage
 D - a potion of attraction {unknown}
 L - 2 potions of brilliance {unknown}


   Skills:
 * Level 12.5 Fighting
 - Level 7.0 Polearms
 - Level 4.0 Dodging


You had 8 spell levels left.
You didn't know any spells.
Your spell library contained the following spells:

 Spells                   Type           Power      Damage    Failure   Level
 Freeze                   Ice            0%         1d3       34%         1
 Summon Small Mammal      Summ           0%         N/A       34%         1
 Ensorcelled Hibernation  Hex/Ice        0%         N/A       47%         2
 Passwall                 Tmut/Erth      0%         N/A       47%         2
 Call Canine Familiar     Summ           0%         N/A       71%         3
 Frozen Ramparts          Ice            0%         1d1       71%         3
 Hailstorm                Conj/Ice       0%         3d3       71%         3
 Summon Guardian Golem    Hex/Summ       0%         N/A       71%         3
 Swiftness                Air            0%         N/A       71%         3


Dungeon Overview and Level Annotations

Branches:
Dungeon (7/15)              Sewer (visited)
 Temple: D:4-7

Altars:
Elyvilon
Makhleb
Qazlal
Yredelemnul

Shops:
D:5 (

Annotations:
D:3 1 runed translucent door, Crazy Yiuf
D:4 1 runed translucent door


Innate Abilities, Weirdness & Mutations

You have a beak for a mouth.
You have claws for feet.
Your magical flight helps you evade attacks. (EV +4)
You can magically evade attacks while moving or waiting.


Message History

The acid dragon spits acid at you. The splash of acid hits you!!
The acid corrodes you!
You slash the acid dragon! You claw the acid dragon.
The acid dragon is severely wounded.
The acid dragon completely misses you.
The acid dragon claws you but does no damage.
You closely miss the acid dragon. You claw the acid dragon.
The acid dragon is severely wounded.
The acid dragon spits acid at you. The splash of acid hits you!!
* * * LOW HITPOINT WARNING * * *
You are too injured to fight recklessly!
You feel much better. The acid dragon completely misses you.
The acid dragon closely misses you.
You hit the acid dragon but do no damage.
The acid dragon is severely wounded.
The acid dragon spits acid at you. The splash of acid hits you!!
The acid corrodes you!
You barely miss the acid dragon.
You claw the acid dragon, but do no damage.
The acid dragon is severely wounded.
The acid dragon bites you. The acid dragon misses you.
You hit the acid dragon but do no damage.
You claw the acid dragon. Your peck misses the acid dragon.
The acid dragon is severely wounded.
The acid dragon misses you. The acid dragon closely misses you.
You barely miss the acid dragon.
The acid dragon is severely wounded.
The acid dragon bites you!
* * * LOW HITPOINT WARNING * * *
The acid dragon barely misses you.
You barely miss the acid dragon.
The acid dragon is severely wounded.
The acid dragon closely misses you.
The acid dragon claws you but does no damage.
You closely miss the acid dragon.
The acid dragon is severely wounded.
The acid dragon spits acid at you. The splash of acid hits you!!
You die...

#......... #.........
#........# ## #........#
... #.##+###.# ....
#......... .....
###...#.## .>....####
#.......
......D@.########.....^#
8#######.......##.......
#>...(..##......#
#........#.......
#........##......
#................
##........#######
#......#.###<..#
##...#..........


You could see an acid dragon (catching breath).

Vanquished Creatures
  Pikel (D:6)
  Maggie (D:6)
  Grinder (D:5)
  Eustachio (D:4)
  Edmund (D:4)
  An orc warrior (D:6)
  An ice beast (D:7)
  A sky beast (D:7)
  A black bear (D:6)
  An ogre (D:7)
  4 lemures (D:5)
  4 kobold brigands
  3 bullfrogs
  A scorpion (D:5)
  6 wights (D:7)
  3 howler monkeys
  4 hounds
  A human skeleton (D:4)
  5 iguanas
  2 orc wizards
  Ijyb (D:3)
  8 adders
  4 gnolls (D:7)
  3 river rats
  2 ufetubi
  2 worms
  3 dart slugs
  23 orcs
  16 ball pythons
  5 endoplasms
  A giant cockroach (D:1)
  4 goblins
  5 hobgoblins
  9 kobolds
  3 quokkas
  4 bats
  4 frilled lizards
  A kobold skeleton (D:4)
  A kobold zombie (D:4)
  7 rats
149 creatures vanquished.

Notes
Turn   | Place    | Note
-------+----------+-------------------------------------------
     0 | D:1      | Aneyh the Tengu Monk began the quest for the Orb.
     0 | D:1      | Reached XP level 1. HP: 14/14 MP: 2/2
   248 | D:1      | Reached XP level 2. HP: 19/19 MP: 3/3
   801 | D:2      | Reached XP level 3. HP: 16/24 MP: 4/4
  1093 | D:2      | Reached skill level 4 in Fighting
  1366 | D:2      | Reached XP level 4. HP: 29/29 MP: 5/5
  1607 | D:3      | Found a white marble altar of Elyvilon.
  1607 | D:3      | Found a stormy altar of Qazlal.
  1636 | D:3      | Reached skill level 5 in Fighting
  1636 | D:3      | Reached XP level 5. HP: 32/35 MP: 6/6
  1665 | D:3      | Found a runed translucent door.
  1666 | D:3      | Noticed Crazy Yiuf
  1806 | D:3      | Noticed Ijyb
  1810 | D:3      | Paralysed by Ijyb for 2 turns
  1818 | D:3      | Paralysed by Ijyb for 4 turns
  1841 | D:3      | Killed Ijyb
  2050 | D:3      | Found a faded altar of an unknown god.
  2413 | D:4      | Found a glowing drain.
  2432 | Sewer    | Entered a sewer
  2480 | Sewer    | Noticed a kobold brigand
  2491 | Sewer    | Reached XP level 6. HP: 41/41 MP: 7/7
  2529 | Sewer    | Reached skill level 6 in Fighting
  2613 | Sewer    | Found a white marble altar of Elyvilon.
  2720 | D:4      | Noticed Eustachio
  2744 | D:4      | Killed Eustachio
  2745 | D:4      | Reached skill level 7 in Fighting
  2745 | D:4      | Gained mutation: Your magical flight helps you evade
                  | attacks. (EV +4) [Tengu growth]
  2745 | D:4      | Reached XP level 7. HP: 48/48 MP: 8/8
  3070 | D:4      | Found a runed translucent door.
  3070 | D:4      | Noticed a human
  3076 | D:4      | Found a basalt altar of Yredelemnul.
  3266 | D:4      | Found a burning altar of Makhleb.
  3367 | D:5      | Entered Level 5 of the Dungeon
  3380 | D:5      | Noticed Grinder
  3392 | D:5      | Killed Grinder
  3393 | D:5      | Reached skill level 8 in Fighting
  3423 | D:5      | Noticed Edmund
  3450 | D:4      | Reached skill level 5 in Polearms
  3450 | D:4      | Reached XP level 8. HP: 35/55 MP: 9/9
  3467 | D:4      | Killed Edmund
  3496 | D:5      | Reached skill level 9 in Fighting
  3513 | D:5      | Identified the ring "Qiel" {*Corrode Fly rC- Will+++ Dex+6}
  3575 | D:5      | Noticed Pikel
  3595 | D:6      | Noticed Maggie
  4075 | D:5      | Found Qemnu's Weapon Boutique.
  4129 | D:6      | Killed Maggie
  4130 | D:6      | Reached skill level 10 in Fighting
  4274 | D:6      | Killed Pikel
  4275 | D:6      | Reached skill level 11 in Fighting
  4275 | D:6      | Reached XP level 9. HP: 61/64 MP: 10/10
  4871 | D:7      | Reached skill level 12 in Fighting
  5096 | D:7      | Killed from afar by an acid dragon

Illustrated notes

Levels and vault maps discovered:
D:1:      nicolae_arrival_somewhat_less_tricky_arrival, layout_rooms,
          minmay_misc_feat_rugged, hangedman_decor_opposing, due_unseen_surprise
D:2:      layout_basic, kennysheep_generic_room_7
D:3:      layout_loops_cross, chequers_temple_overflow_statue_of_worship,
          dreamdust_ecumenical_altar_statues, uniq_ijyb, uniq_crazy_yiuf_cottage
D:4:      layout_basic, dk_yredelemnul_ordeal, makhleb_blood_cavern_becter,
          portal_sewer_entry_a, serial_glass, glass_columns_a, glass_columns_c,
          glass_columns_a, glass_columns_a, glass_columns_b, glass_columns_b,
          glass_columns_a, glass_columns_a, uniq_eustachio
D:5:      layout_cave_pools, serial_shops, nicolae_shop_back_alley_shop,
          uniq_pikel, uniq_edmund, uniq_grinder
D:6:      layout_cave_pools, hangedman_decor_push, minmay_unpleasant_kobolds,
          uniq_maggie
D:7:      layout_basic, lemuel_temple_firewalk_a

Skill      XL: |  1  2  3  4  5  6  7  8  9 |
---------------+----------------------------+-----
Fighting       | 4 5 7 8 11 12 | 12.5
Polearms       | 4 5 7 |  7.0
Dodging        | 4 |  4.0

Action                     |  1- 3 |  4- 6 |  7- 9 || total
---------------------------+-------+-------+-------++-------
  Melee: Spear             |    69 |    93 |    42 ||   204
         Peck              |     7 |    25 |    57 ||    89
         Kick              |    15 |    47 |   104 ||   166
         Dagger            |    10 |    46 |       ||    56
         Punch             |       |     1 |     3 ||     4
         Trident           |       |       |   239 ||   239
         Halberd           |       |       |    47 ||    47
  Throw: Javelin           |       |       |     5 ||     5
    Use: Potion            |       |     3 |     4 ||     7
         Scroll            |       |       |    17 ||    17
   Stab: Sleeping          |     5 |     3 |     3 ||    11
         Distracted        |       |     1 |     1 ||     2
 Armour: Robe              |     3 |       |       ||     3
         Leather armour    |    15 |    55 |    68 ||   138
         Steam dragon scal |       |       |    53 ||    53
  Dodge: Dodged            |    19 |    85 |   288 ||   392

Table legend: (Time is in decaauts)
 A = Elapsed time spent in this place.
 B = Non-inter-level travel time spent in this place.
 C = Inter-level travel time spent in this place.
 D = Time resting spent in this place.
 E = Time spent auto-exploring this place.
 F = Levels seen in this place.
 G = Mean time per level.
                   A        B        C        D        E       F      G
               +--------+--------+--------+--------+--------+-----+--------+
         Total |   5140 |   4952 |    188 |    261 |   3150 |   8 |  642.5 |
       Dungeon |   4836 |   4648 |    188 |    261 |   3078 |   7 |  690.9 |
         Sewer |    304 |    304 |      0 |      0 |     72 |   1 |  304.0 |
               +--------+--------+--------+--------+--------+-----+--------+

Top non-repeatable levels by time:
     D:4: 878 daAuts
     D:3: 868 daAuts
     D:2: 750 daAuts
     D:1: 677 daAuts
     D:6: 640 daAuts
     D:5: 605 daAuts
     D:7: 416 daAuts
   Sewer: 304 daAuts
